Map: Abiogenesis LE

Players

Dombine - Winner!

  • Race: Terran Terran
  • League: Gold
  • Spawn Location: 5:00

Infamous

  • Race: Protoss Protoss
  • League: Silver
  • Spawn Location: 11:00

VOD

Have the link to the VOD?

Description

Time

  • Played on: March 19, 2018, 3:15 p.m.
  • Length: 17:56
Show
View Real Time Build Order
Export as new Build Order

Dombine Terran - Winner!

Build Orders: Mech 

Get SALT Encoding   

  12  0:01  SCV  
  13  0:15  SCV  
  14  0:23  Supply Depot  
  14  0:27  SCV  
  15  0:32  Refinery  
  15  0:46  SCV  
  15  0:47  Barracks  
  16  0:58  SCV  
  16  0:59  Supply Depot  
  17  1:11  SCV  
  18  1:24  SCV  
  19  1:29  Barracks  
  19  1:34  Marine  
  20  1:45  Orbital Command  
  20  1:57  Marine  
  21  2:07  Engineering Bay  
  21  2:14  SCV  
  22  2:21  Barracks Tech Lab, Barracks Reactor  
  22  2:22  Factory  
  22  2:26  SCV  
  23  2:31  Barracks  
  23  2:38  SCV  
  24  2:49  Combat Shields  
  24  2:52  SCV  
  25  2:59  Marine x3  
  25  3:04  SCV  
  29  3:07  Missile Turret  
  29  3:13  Missile Turret  
  29  3:16  SCV  
  29  3:17  Marine  
  31  3:23  Supply Depot  
  31  3:24  Factory Tech Lab  
  31  3:32  Supply Depot  
  31  3:34  Barracks Tech Lab  
  31  3:37  Barracks Reactor  
  31  3:45  Marine  
  32  3:53  Command Center  
  32  4:01  SCV, Refinery  
  33  4:10  Supply Depot  
  33  4:14  SCV  
  33  4:15  Terran Infantry Weapons Level 1  
  34  4:26  SCV  
  35  4:32  Marine x3  
  35  4:33  Marine x2  
  35  4:38  SCV  
  41  4:41  Engineering Bay  
  41  4:47  Missile Turret  
  41  4:50  Marine, SCV  
  41  4:51  Siege Tank  
  46  5:06  Starport  
  46  5:09  Orbital Command  
  46  5:12  SCV  
  47  5:17  Terran Infantry Armor Level 1  
  47  5:24  SCV  
  48  5:32  Marine  
  48  5:33  Marine  
  48  5:34  Marine  
  51  5:36  SCV  
  51  5:42  SCV  
  53  5:49  Siege Tank, SCV  
  57  5:50  Refinery  
  57  5:52  Refinery  
  57  5:54  SCV  
  58  6:01  SCV  
  58  6:02  Supply Depot x2  
  59  6:11  Factory  
  59  6:14  SCV x2  
  59  6:15  Factory  
  59  6:18  Marine x3  
  63  6:23  Viking  
  66  6:26  SCV x2  
  68  6:45  SCV x2  
  68  6:46  Missile Turret  
  70  6:50  Missile Turret  
  70  6:57  SCV x2  
  72  7:09  SCV x2  
  72  7:11  Factory Tech Lab x2  
  74  7:20  Armory  
  74  7:21  SCV x2, Armory  
  76  7:27  Supply Depot  
  76  7:28  Supply Depot  
  76  7:33  SCV x2  
  76  7:36  Marine x5  
  69  7:50  Siege Tank x3  
  78  7:53  Marine  
  78  7:54  Marine x4  
  80  8:11  Marine x2  
  80  8:12  Marine x3  
  81  8:29  Marine x3  
  81  8:30  Marine x2  
  79  8:47  Marine x4  
  79  8:48  Marine  
  73  9:02  Siege Tank x2  
  77  9:05  Marine x5  
  82  9:13  SCV x2  
  84  9:23  Marine x5  
  89  9:25  SCV x2  
  89  9:30  Siege Tank  
  94  9:37  SCV x2  
  96  9:39  Viking  
  96  9:41  Marine  
  96  9:43  Terran Vehicle And Ship Armor Level 1  
  99  9:49  SCV, Terran Vehicle Weapons Level 1  
  96  10:07  SCV  
  96  10:08  SCV  
  98  10:20  SCV x2  
  100  10:30  Marine x2  
  102  10:40  Sensor Tower  
  102  10:59  Marine  
  102  11:00  SCV  
  102  11:15  Supply Depot  
  102  11:16  Supply Depot  
  102  11:18  Supply Depot  
  102  11:32  Refinery  
  102  11:34  Command Center  
  102  11:36  Marine x5, SCV x2  
  102  11:37  Refinery  
  109  11:40  Starport Reactor  
  109  11:48  Terran Infantry Armor Level 2, SCV x2, Terran Infantry Weapons Level 2  
  109  11:52  Terran Vehicle And Ship Armor Level 2, Terran Vehicle Weapons Level 2  
  109  11:54  Marine x5, Thor  
  111  12:00  SCV  
  123  12:12  Marine x3  
  126  12:23  Supply Depot  
  126  12:24  Supply Depot  
  126  12:27  Marine x2  
  126  12:28  SCV x2  
  126  12:29  Marine  
  126  12:44  Marine  
  126  12:45  Marine, SCV x2  
  126  12:49  Supply Depot  
  128  12:51  Supply Depot x2  
  128  12:57  SCV x2  
  130  12:59  Thor x2  
  130  13:04  Thor  
  148  13:09  SCV  
  119  13:38  Marine x3  
  119  13:39  Marine x2  
  115  13:49  Thor  
  115  13:53  Orbital Command  
  121  13:56  Marine x4  
  121  13:57  Marine  
  126  14:12  Supply Depot  
  126  14:13  Supply Depot x2  
  126  14:14  Marine x5  
  117  14:31  Thor x2  
  117  14:32  Marine x5, Thor  
  128  14:49  Marine  
  128  14:50  Marine x4  
  133  14:54  Viking x2  
  137  15:07  Marine x2  
  137  15:08  Marine x3  
  142  15:22  Missile Turret  
  142  15:25  Marine x4  
  142  15:26  Marine, Missile Turret  
  147  15:35  Command Center  
  147  15:38  Viking  
  149  15:43  Marine x5  
  154  16:01  Marine x5  
  159  16:06  Thor x3  
  177  16:17  Medivac x2  
  181  16:18  Marine  
  181  16:19  Marine x4  
  186  16:29  Orbital Command  
  186  16:36  Marine x2  
  186  16:37  Marine x3  
  159  16:47  Medivac x2  
  159  16:53  Thor  
  159  16:54  Marine, Thor x2  
  174  16:56  Marine x4  
  185  17:12  Marine  
  185  17:14  Marine x4  
  189  17:30  Marine  
  189  17:32  Marine x3  
Show
View Real Time Build Order
Export as new Build Order

Infamous Protoss 

Build Orders:  

Get SALT Encoding   

  12  0:02  Probe  
  13  0:15  Probe  
  13  0:20  Pylon  
  14  0:30  Probe  
  15  0:38  Gateway  
  15  0:43  Probe (Chrono Boost)  
  16  0:55  Probe (Chrono Boost), Assimilator  
  17  1:02  Probe (Chrono Boost)  
  18  1:09  Pylon  
  18  1:18  Probe  
  19  1:25  Cybernetics Core  
  19  1:32  Pylon  
  19  1:33  Probe  
  20  1:41  Zealot  
  20  1:42  Assimilator  
  23  1:47  Probe  
  23  1:59  Gateway, Warp Gate (Chrono Boost)  
  23  2:20  Pylon  
  23  2:24  Pylon  
  23  2:28  Probe  
  23  2:29  Gateway  
  24  2:42  Stalker  
  26  2:46  Probe  
  26  2:49  Sentry  
  29  3:05  Robotics Facility  
  29  3:28  Nexus  
  29  3:36  Probe  
  30  3:49  Probe  
  30  3:52  Observer  
  30  3:55  Stalker  
  34  3:56  Stalker  
  34  3:57  Sentry  
  38  4:08  Forge  
  38  4:21  Pylon  
  38  4:32  Gateway  
  38  4:36  Immortal  
  38  4:38  Probe  
  43  4:41  Probe  
  44  4:56  Probe x2  
  46  5:04  Gateway  
  46  5:06  Zealot  
  48  5:07  Sentry  
  50  5:21  Probe x2  
  52  5:24  Immortal (Chrono Boost)  
  55  5:39  Gateway  
  55  5:41  Protoss Ground Weapons Level 1 (Chrono Boost)  
  56  5:42  Probe  
  56  5:43  Probe  
  57  5:50  Sentry x2  
  57  5:51  Zealot  
  63  6:00  Warp Prism (Chrono Boost)  
  65  6:21  Assimilator  
  65  6:22  Probe  
  65  6:23  Probe  
  65  6:25  Assimilator  
  67  6:30  Shield Battery  
  67  6:32  Photon Cannon  
  67  6:45  Probe x2  
  69  7:01  Pylon  
  69  7:06  Pylon  
  69  7:08  Pylon  
  69  7:19  Immortal  
  69  7:21  Stalker x2  
  55  7:47  Stalker x4  
  55  7:48  Stalker  
  63  7:57  Sentry  
  65  8:08  Probe x2  
  67  8:16  Protoss Ground Armor Level 1 (Chrono Boost)  
  67  8:17  Immortal  
  67  8:19  Forge  
  71  8:20  Probe  
  71  8:23  Twilight Council  
  72  8:29  Stalker  
  72  8:30  Stalker x4  
  68  8:48  Stalker  
  58  9:02  Stalker  
  58  9:03  Stalker x4  
  64  9:13  Sentry  
  64  9:15  Protoss Ground Weapons Level 2 (Chrono Boost)  
  66  9:20  Immortal  
  70  9:29  Robotics Bay  
  70  9:32  Probe x2  
  70  9:35  Sentry  
  70  9:36  Sentry x2  
  50  9:56  Stalker x2  
  50  9:57  Stalker  
  54  10:07  Photon Cannon  
  54  10:08  Probe x2, Photon Cannon  
  54  10:14  Immortal (Chrono Boost)  
  60  10:22  Probe  
  61  10:36  Sentry x4  
  61  10:41  Stalker x2  
  73  10:54  Probe  
  73  10:55  Probe  
  61  11:07  Pylon  
  61  11:08  Stalker  
  61  11:09  Stalker x3  
  61  11:11  Pylon, Sentry  
  71  11:12  Zealot  
  73  11:22  Disruptor (Chrono Boost)  
  76  11:42  Stalker  
  76  11:43  Stalker x2  
  76  11:44  Zealot x2  
  86  12:03  Protoss Ground Armor Level 2 (Chrono Boost)  
  86  12:04  Pylon  
  86  12:06  Pylon  
  86  12:09  Pylon  
  86  12:18  Disruptor  
  89  12:34  Sentry x3  
  89  12:36  Zealot  
  97  12:54  Stalker x2  
  79  13:35  Stalker x6  
  79  13:37  Disruptor  
  92  13:58  Probe x2  
  92  14:00  Protoss Ground Weapons Level 3 (Chrono Boost)  
  94  14:11  Nexus  
  94  14:14  Pylon  
  94  14:15  Pylon  
  94  14:19  Pylon  
  66  14:47  Stalker x2  
  66  14:48  Stalker x3  
  66  14:49  Zealot  
  78  14:57  Disruptor (Chrono Boost)  
  81  15:18  Probe x2  
  83  15:22  Sentry  
  83  15:23  Sentry x3  
  83  15:24  Zealot x2  
  95  15:29  Disruptor (Chrono Boost)  
  98  15:45  Stalker  
  98  15:46  Sentry x2  
  98  15:47  Zealot x3  
  110  15:53  Assimilator  
  110  15:58  Assimilator  
  110  16:08  Stalker x4  
  118  16:24  Immortal  
  63  17:01  Robotics Facility  
  63  17:05  Stalker x2  
  63  17:08  Zealot x4  
  73  17:15  Probe x3  
  78  17:27  Probe  
  77  17:42  Zealot x3  
Tags
 
Composition
Mech
Matchup
PvT
Replay Pack
Last Remnant (2)
Spawn Locations
Cross Positions
Add a new tag
Caveats
  • Supply blocks, unpowered buildings, or Contaminate may cause inaccurate times.
  • Supply counts are checked every 10 seconds.